Map: Cañón atribulado

Players

Mistic

  • Race: Terran Terran
  • League: Gold
  • Spawn Location: 6:00

Slayer

  • Race: Protoss Protoss
  • Spawn Location: 6:00

goojin

  • Race: Protoss Protoss
  • League: Gold
  • Spawn Location: 7:00

MrFercho

  • Race: Terran Terran
  • League: Silver
  • Spawn Location: 12:00

TATORREA

  • Race: Protoss Protoss
  • League: Silver
  • Spawn Location: 3:00

tigro

  • Race: Terran Terran
  • League: Bronze
  • Spawn Location: 12:00

VOD

Have the link to the VOD?

Description

Time

  • Played on: May 19, 2020, 11:13 p.m.
  • Length: 18:36
Show
View Real Time Build Order
Export as new Build Order

Mistic Terran 

Build Orders:  

Get SALT Encoding   

  12  0:01  SCV  
  13  0:13  SCV  
  14  0:25  SCV  
  15  0:42  Supply Depot  
  15  0:50  Refinery  
  15  0:52  Refinery  
  15  1:03  SCV  
  16  1:15  SCV  
  17  1:27  SCV  
  17  1:30  Barracks  
  19  1:40  SCV  
  19  1:52  SCV  
  20  2:04  SCV  
  21  2:09  Command Center  
  21  2:16  SCV  
  21  2:22  Marine, Factory  
  23  2:54  Supply Depot  
  23  3:01  Orbital Command  
  23  3:15  Marine  
  24  3:33  Marine  
  25  3:35  Supply Depot  
  25  3:37  SCV  
  25  3:39  Orbital Command  
  26  3:42  Refinery  
  26  3:45  Factory  
  26  3:48  Factory Tech Lab  
  26  3:49  SCV  
  26  3:50  Marine  
  28  4:01  SCV  
  29  4:06  SCV  
  30  4:13  SCV  
  31  4:18  SCV  
  31  4:22  Siege Tank  
  35  4:27  SCV  
  35  4:30  SCV  
  37  4:39  SCV  
  37  4:42  SCV  
  39  4:51  SCV  
  40  4:54  SCV  
  41  5:03  SCV  
  41  5:04  Refinery  
  41  5:07  Factory Reactor, SCV  
  43  5:12  Starport  
  43  5:15  SCV  
  43  5:17  Starport  
  43  5:19  SCV  
  45  5:22  Armory  
  45  5:27  SCV  
  46  5:31  SCV  
  47  5:36  Siege Tank  
  47  5:39  SCV  
  51  5:43  SCV  
  51  5:51  SCV  
  48  6:03  Starport Tech Lab x2  
  48  6:05  Hellion x2  
  48  6:09  Supply Depot  
  52  6:15  Supply Depot  
  52  6:17  Siege Tank  
  52  6:18  Fusion Core  
  55  6:20  SCV  
  56  6:27  Hellion  
  56  6:32  SCV  
  59  6:44  SCV  
  60  6:47  Hellion  
  60  6:48  Hellion  
  60  6:50  Siege Tank  
  60  6:52  Terran Ship Weapons Level 1  
  67  6:54  Supply Depot  
  67  6:56  SCV  
  68  7:04  Engineering Bay  
  68  7:09  Hellion, SCV  
  68  7:11  Command Center  
  71  7:22  Siege Tank  
  74  7:28  Weapon Refit  
  80  7:30  Battlecruiser  
  80  7:43  SCV  
  81  7:55  SCV  
  82  8:11  Supply Depot  
  86  8:20  Widow Mine x2  
  86  8:23  Battlecruiser  
  86  8:26  Orbital Command  
  98  8:34  Battlecruiser  
  98  8:41  Sensor Tower, Siege Tank  
  101  8:43  Marine  
  102  9:00  Marine  
  103  9:06  SCV  
  103  9:08  Supply Depot  
  104  9:10  SCV  
  104  9:12  Refinery  
  104  9:13  Siege Tank  
  108  9:18  SCV  
  108  9:23  Command Center  
  109  9:29  Battlecruiser, SCV  
  109  9:30  SCV  
  117  9:34  Refinery  
  123  9:38  Battlecruiser  
  123  9:41  SCV  
  123  9:42  SCV  
  122  9:53  SCV  
  122  9:54  SCV  
  124  10:35  Battlecruiser, SCV x2  
  132  10:45  Supply Depot  
  132  10:46  Orbital Command  
  132  11:04  Starport  
  132  11:07  Battlecruiser, SCV  
  132  11:08  Supply Depot  
  139  11:19  SCV  
  140  11:29  Command Center, Siege Tank  
  140  11:30  Supply Depot  
  140  11:31  SCV  
  140  11:32  Terran Ship Weapons Level 2  
  144  11:43  Armory  
  144  11:46  Battlecruiser  
  150  12:04  Supply Depot  
  150  12:05  Starport Tech Lab  
  150  12:09  Starport  
  150  12:21  Battlecruiser  
  156  12:30  Armory  
  156  12:32  Terran Vehicle And Ship Armor Level 1  
  156  12:43  Factory  
  156  13:10  Starport Tech Lab  
  156  13:39  Battlecruiser x2  
  168  13:42  Battlecruiser x2  
  165  14:43  Battlecruiser  
  171  14:46  Battlecruiser  
  171  14:49  Battlecruiser  
  183  15:20  Planetary Fortress  
  183  15:47  Battlecruiser  
  189  15:53  Battlecruiser  
  189  16:02  SCV  
  190  16:14  SCV  
  191  16:26  SCV  
  191  16:39  SCV  
  192  16:52  Battlecruiser  
  198  18:32  Refinery  
Show
View Real Time Build Order
Export as new Build Order

Slayer Protoss 

Build Orders:  

Get SALT Encoding   

  12  0:02  Probe  
  13  0:14  Probe  
  14  0:27  Pylon, Probe  
  15  0:39  Assimilator  
  15  0:45  Probe  
  16  0:57  Probe  
  16  0:58  Gateway  
  17  1:09  Probe  
  18  1:25  Forge  
  18  1:36  Assimilator, Probe  
  19  1:48  Probe  
  20  2:00  Pylon  
  20  2:02  Photon Cannon  
  20  2:07  Photon Cannon  
  20  2:16  Pylon  
  20  2:23  Probe  
  21  2:37  Gateway  
  21  2:40  Gateway  
  21  2:55  Pylon  
  21  3:05  Cybernetics Core  
  21  3:10  Probe (Chrono Boost)  
  23  3:20  Probe (Chrono Boost)  
  23  3:25  Probe (Chrono Boost)  
  24  3:36  Probe  
  24  3:38  Nexus  
  24  3:41  Warp Gate  
  25  3:48  Probe  
  25  3:53  Photon Cannon  
  26  4:03  Photon Cannon  
  26  4:06  Probe  
  27  4:19  Probe (Chrono Boost)  
  27  4:23  Assimilator  
  28  4:31  Probe (Chrono Boost)  
  29  4:39  Probe (Chrono Boost)  
  29  4:44  Assimilator  
  29  4:45  Probe (Chrono Boost)  
  31  4:57  Probe (Chrono Boost)  
  32  5:02  Probe (Chrono Boost)  
  33  5:11  Probe  
  34  5:23  Probe  
  30  5:34  Photon Cannon  
  18  5:57  Photon Cannon  
  18  6:00  Photon Cannon  
  18  6:05  Probe (Chrono Boost)  
  20  6:13  Probe (Chrono Boost)  
  20  6:16  Probe (Chrono Boost)  
  21  6:21  Probe (Chrono Boost)  
  21  6:22  Pylon  
  21  6:23  Probe (Chrono Boost)  
  23  6:26  Probe (Chrono Boost)  
  23  6:27  Pylon  
  23  6:32  Probe (Chrono Boost)  
  25  6:36  Pylon  
  26  6:43  Probe x2 (Chrono Boost)  
  27  6:50  Probe x2 (Chrono Boost)  
  29  6:59  Probe (Chrono Boost)  
  31  7:01  Probe (Chrono Boost)  
  31  7:04  Probe (Chrono Boost)  
  32  7:10  Probe  
  34  7:15  Probe  
  34  7:22  Probe  
  35  7:26  Nexus  
  35  7:27  Probe  
  36  7:34  Probe  
  37  7:39  Pylon, Probe  
  38  7:46  Probe  
  39  7:54  Gateway  
  39  7:56  Gateway  
  39  7:58  Gateway  
  39  7:59  Gateway  
  39  8:03  Probe (Chrono Boost)  
  40  8:15  Probe (Chrono Boost)  
  40  8:16  Probe (Chrono Boost)  
  42  8:23  Probe (Chrono Boost)  
  42  8:24  Probe (Chrono Boost)  
  44  8:29  Probe (Chrono Boost)  
  44  8:30  Gateway, Probe (Chrono Boost)  
  46  8:39  Probe  
  48  8:41  Probe  
  48  8:43  Twilight Council  
  48  8:51  Probe  
  49  8:58  Assimilator  
  49  9:02  Assimilator  
  49  9:24  Pylon  
  49  9:29  Photon Cannon  
  49  9:32  Photon Cannon  
  49  9:47  Pylon  
  49  9:55  Stalker x4  
  49  9:56  Stalker x2, Pylon  
  49  9:59  Stalker x2  
  65  10:09  Blink  
  65  10:25  Forge  
  65  10:28  Pylon  
  65  10:32  Forge  
  65  10:39  Probe  
  66  10:51  Probe  
  67  11:00  Gateway  
  67  11:02  Gateway  
  67  11:03  Probe  
  68  11:07  Gateway  
  68  11:12  Gateway  
  68  11:15  Robotics Facility, Probe  
  69  11:18  Robotics Facility  
  69  11:22  Robotics Facility  
  69  11:28  Probe  
  70  11:34  Protoss Ground Armor Level 1, Protoss Ground Weapons Level 1, Protoss Shields Level 1  
  70  11:45  Gateway  
  70  11:47  Gateway  
  70  11:50  Gateway  
  70  11:54  Gateway  
  70  11:56  Gateway  
  70  12:01  Gateway  
  70  12:19  Pylon  
  70  12:51  Pylon  
  70  12:52  Observer x3  
  73  13:13  Observer  
  73  13:14  Observer x2  
  73  13:35  Observer x3  
  76  13:56  Observer x2  
  76  13:57  Observer  
  79  14:25  Stalker x5  
  79  14:26  Stalker x4  
  79  14:27  Stalker x4  
  79  14:28  Stalker  
  79  14:29  Stalker x2  
  108  16:13  Stalker x2  
  108  16:14  Stalker  
  108  16:15  Stalker  
  108  16:16  Stalker x3  
  122  16:19  Stalker x2  
  122  16:20  Stalker x3  
  122  16:21  Stalker x4  
  122  16:22  Stalker x2  
  144  17:07  Immortal x3  
Show
View Real Time Build Order
Export as new Build Order

goojin Protoss 

Build Orders: Carriers 

Get SALT Encoding   

  12  0:17  Pylon  
  12  0:20  Probe  
  13  0:33  Probe  
  14  0:41  Gateway  
  14  0:54  Gateway  
  14  1:02  Forge  
  14  1:12  Probe (Chrono Boost)  
  15  1:24  Probe (Chrono Boost)  
  16  1:26  Pylon  
  16  1:29  Probe (Chrono Boost)  
  17  1:43  Assimilator  
  17  1:48  Photon Cannon  
  17  1:52  Photon Cannon  
  17  2:00  Photon Cannon  
  17  2:09  Assimilator  
  17  2:14  Probe (Chrono Boost)  
  18  2:24  Probe (Chrono Boost)  
  18  2:25  Pylon  
  18  2:29  Probe (Chrono Boost)  
  19  2:35  Photon Cannon  
  20  2:48  Probe (Chrono Boost)  
  22  2:59  Probe (Chrono Boost)  
  22  3:04  Probe (Chrono Boost)  
  23  3:18  Cybernetics Core  
  23  3:32  Nexus  
  23  3:53  Nexus  
  23  3:59  Assimilator  
  23  4:04  Assimilator  
  23  4:09  Assimilator  
  23  4:14  Assimilator  
  23  4:28  Probe (Chrono Boost)  
  25  4:38  Probe (Chrono Boost)  
  27  4:45  Probe x2 (Chrono Boost)  
  27  4:56  Probe (Chrono Boost)  
  27  4:58  Probe (Chrono Boost)  
  29  5:01  Probe (Chrono Boost)  
  29  5:06  Probe  
  31  5:12  Probe  
  32  5:18  Probe  
  32  5:20  Probe  
  34  5:24  Probe  
  35  5:30  Probe  
  35  5:32  Probe  
  37  5:36  Probe  
  38  5:44  Probe  
  38  5:48  Probe  
  40  5:54  Pylon  
  40  5:56  Probe  
  41  6:00  Probe  
  42  6:04  Pylon  
  42  6:07  Pylon  
  42  6:08  Probe  
  43  6:13  Pylon  
  43  6:18  Pylon  
  43  6:20  Probe  
  44  6:33  Probe  
  44  6:34  Stargate  
  44  6:36  Stargate  
  44  6:37  Stargate  
  45  6:40  Stargate  
  45  6:45  Probe  
  45  6:46  Pylon  
  46  6:48  Pylon  
  46  6:57  Probe  
  46  6:58  Photon Cannon  
  47  7:03  Photon Cannon  
  47  7:08  Photon Cannon  
  47  7:11  Photon Cannon  
  47  7:15  Probe (Chrono Boost)  
  48  7:18  Photon Cannon  
  48  7:21  Probe (Chrono Boost)  
  49  7:25  Probe (Chrono Boost)  
  49  7:29  Photon Cannon, Probe (Chrono Boost)  
  51  7:33  Probe (Chrono Boost)  
  51  7:34  Fleet Beacon, Probe (Chrono Boost)  
  53  7:41  Probe  
  54  7:44  Probe  
  55  7:53  Probe  
  55  7:56  Probe  
  57  8:02  Stargate  
  57  8:05  Probe  
  58  8:17  Photon Cannon, Probe  
  59  8:30  Photon Cannon  
  59  8:40  Pylon  
  59  8:43  Photon Cannon  
  65  8:48  Carrier x2  
  65  8:49  Carrier  
  65  8:50  Carrier  
  65  8:52  Carrier  
  95  9:52  Carrier  
  95  9:53  Carrier x2  
  95  9:54  Carrier  
  113  10:16  Gateway  
  113  10:18  Gateway  
  113  10:27  Gateway  
  113  10:29  Photon Cannon  
  113  10:31  Photon Cannon  
  113  10:37  Photon Cannon  
  113  10:40  Photon Cannon  
  113  10:53  Photon Cannon  
  113  10:58  Photon Cannon  
  113  11:09  Carrier x3  
  131  11:24  Protoss Air Weapons Level 1 (Chrono Boost)  
  131  11:32  Pylon  
  131  11:39  Pylon  
  131  11:41  Pylon  
  131  11:43  Pylon  
  131  11:44  Pylon  
  131  11:47  Pylon  
  131  11:49  Pylon  
  131  11:50  Carrier  
  137  11:54  Pylon  
  137  11:57  Carrier  
  143  12:14  Carrier x2  
  155  12:35  Cybernetics Core  
  155  12:53  Carrier  
  161  13:11  Carrier  
  167  13:26  Protoss Air Armor Level 1  
  167  13:51  Protoss Air Weapons Level 2  
  167  13:55  Carrier  
  173  13:57  Carrier  
  179  15:20  Warp Gate  
  178  17:23  Carrier x2  
Show
View Real Time Build Order
Export as new Build Order

MrFercho Terran 

Build Orders:  

Get SALT Encoding   

  12  0:02  SCV  
  13  0:23  SCV  
  14  0:35  SCV  
  15  0:36  Supply Depot  
  15  0:37  Refinery  
  15  0:57  SCV  
  16  1:04  Barracks  
  16  1:09  SCV  
  17  1:21  Engineering Bay  
  17  1:24  SCV  
  18  1:37  Barracks  
  18  1:39  SCV  
  19  1:52  Orbital Command  
  19  1:54  Barracks Reactor  
  19  2:10  Barracks  
  19  2:15  Refinery  
  19  2:22  SCV  
  20  2:34  SCV, Reaper x2  
  23  2:43  Supply Depot  
  23  2:46  Supply Depot  
  23  3:01  Barracks Reactor x2  
  23  3:04  SCV  
  24  3:17  SCV  
  25  3:25  Factory  
  25  3:53  Reaper x3  
  25  3:54  Reaper  
  29  4:44  Factory Tech Lab  
  29  4:54  SCV  
  30  5:01  Command Center  
  30  5:06  SCV  
  31  5:15  Refinery  
  31  5:17  Refinery  
  31  5:18  SCV  
  32  5:30  SCV  
  33  5:43  SCV  
  28  6:17  Supply Depot  
  28  6:18  Supply Depot  
  28  6:23  Orbital Command  
  28  6:36  Terran Infantry Weapons Level 1  
  28  6:39  Marine  
  28  6:40  Marine x5  
  34  6:57  Marine  
  34  6:58  Marine x5  
  40  7:15  Marine  
  40  7:16  Marine x5, Siege Tank  
  49  7:33  Marine  
  49  7:34  Marine x5  
  55  7:48  Siege Tank  
  58  7:57  Armory  
  58  8:14  SCV  
  59  8:20  Siege Tank  
  59  8:26  SCV  
  63  8:30  Terran Infantry Armor Level 1  
  63  8:39  SCV  
  64  8:51  SCV  
  64  8:52  Siege Tank  
  68  9:03  SCV  
  50  10:01  Marine  
  50  10:02  Marine x5  
  48  10:19  Marine  
  48  10:20  Marine x5  
  51  10:33  Terran Infantry Weapons Level 2  
  51  10:34  Supply Depot  
  51  10:37  Marine x6  
  51  10:42  Terran Vehicle And Ship Armor Level 1  
  57  10:55  Marine x6  
  57  10:57  Supply Depot, Factory, SCV  
  64  11:00  Factory  
  64  11:09  SCV  
  65  11:15  Command Center  
  65  11:19  Supply Depot, Refinery  
  65  11:21  Reaper, SCV  
  65  11:22  Reaper x5  
  72  11:33  SCV  
  73  11:43  Supply Depot  
  73  11:45  SCV  
  73  11:46  Refinery  
  74  11:52  Command Center  
  74  11:53  Reaper  
  75  11:54  Reaper x5  
  80  12:02  Factory Tech Lab x2  
  80  12:18  Barracks  
  80  12:26  Reaper x6  
  86  12:36  Terran Vehicle Weapons Level 1  
  86  12:49  Terran Infantry Armor Level 2  
  86  12:58  Reaper x6  
  92  13:05  Command Center  
  80  14:37  Missile Turret  
  80  14:39  Missile Turret  
  80  14:46  Missile Turret  
  80  14:47  Missile Turret  
  80  14:49  Missile Turret  
  80  14:50  Missile Turret  
  80  14:55  Missile Turret  
  76  15:01  Missile Turret  
  76  15:02  Missile Turret  
  53  15:39  Marine  
  53  15:40  Marine x6  
  60  15:57  Marine  
  60  15:58  Marine x6  
  60  15:59  Widow Mine  
  60  16:00  Widow Mine x2  
  60  16:02  Starport  
  60  16:03  Starport  
  60  16:04  Starport  
  73  16:06  Starport  
  73  16:15  Marine  
  73  16:16  Marine x6  
  80  16:21  Widow Mine x3  
  86  16:33  Marine  
  86  16:34  Marine x6  
  93  16:42  Widow Mine  
  93  16:43  Widow Mine x2  
  99  16:52  Marine  
  106  17:15  Missile Turret  
Show
View Real Time Build Order
Export as new Build Order

TATORREA Protoss 

Build Orders: Carriers 

Get SALT Encoding   

  12  0:02  Probe  
  13  0:31  Probe  
  14  0:40  Pylon  
  14  0:43  Probe  
  14  0:45  Assimilator  
  15  0:58  Probe  
  16  1:10  Probe  
  17  1:17  Gateway  
  17  1:20  Gateway  
  17  1:23  Forge  
  17  1:24  Probe  
  18  1:36  Probe  
  19  1:44  Assimilator  
  19  1:48  Probe  
  20  2:00  Probe  
  21  2:12  Photon Cannon  
  21  2:15  Photon Cannon  
  21  2:16  Probe  
  21  2:17  Pylon  
  22  2:28  Probe  
  23  2:35  Zealot  
  23  2:36  Pylon  
  25  2:39  Zealot  
  25  2:42  Protoss Ground Weapons Level 1  
  27  2:59  Cybernetics Core  
  27  3:05  Zealot  
  29  3:08  Zealot  
  31  3:40  Photon Cannon  
  31  3:42  Warp Gate, Photon Cannon  
  31  3:45  Photon Cannon  
  31  4:05  Stalker x2  
  27  4:35  Stalker x2  
  31  4:53  Nexus  
  31  5:15  Twilight Council  
  31  5:33  Stalker x2  
  35  5:39  Pylon  
  35  5:41  Pylon  
  35  5:44  Pylon  
  35  6:28  Photon Cannon  
  35  6:30  Photon Cannon  
  35  6:32  Photon Cannon  
  35  6:33  Photon Cannon  
  35  6:37  Photon Cannon  
  35  6:38  Photon Cannon  
  35  6:42  Photon Cannon  
  35  6:46  Probe  
  36  6:50  Probe  
  37  6:58  Probe  
  38  7:02  Probe  
  39  7:10  Probe  
  39  7:14  Probe  
  41  7:22  Charge, Probe  
  42  7:35  Stargate  
  42  7:38  Protoss Air Weapons Level 1, Stargate  
  42  7:41  Pylon  
  42  8:00  Probe  
  42  8:03  Probe  
  44  8:06  Assimilator x2  
  44  8:12  Probe  
  45  8:15  Robotics Facility, Probe  
  45  8:18  Robotics Facility  
  45  8:19  Stalker  
  48  8:20  Stalker  
  48  8:22  Protoss Ground Weapons Level 2  
  50  8:29  Probe  
  51  8:42  Probe  
  51  8:46  Probe  
  53  8:54  Probe  
  54  8:58  Probe  
  54  9:02  Fleet Beacon  
  55  9:05  Robotics Bay  
  55  9:06  Probe  
  56  9:12  Immortal  
  60  9:22  Immortal  
  64  9:48  Nexus  
  64  9:53  Carrier  
  70  10:08  Carrier  
  70  10:13  Extended Thermal Lance  
  76  10:22  Probe x2  
  78  10:29  Colossus  
  78  10:34  Probe x2  
  86  10:59  Colossus  
  86  11:03  Carrier  
  98  11:16  Probe x2  
  100  11:26  Protoss Air Weapons Level 2  
  100  11:44  Pylon  
  100  11:47  Pylon  
  100  11:50  Pylon  
  100  11:54  Pylon  
  100  11:57  Probe  
  100  12:00  Pylon  
  101  12:02  Carrier, Probe x2  
  109  12:09  Pylon, Probe  
  109  12:14  Protoss Ground Weapons Level 3, Probe x2  
  112  12:18  Pylon  
  112  12:19  Carrier  
  118  12:30  Colossus  
  124  12:40  Assimilator, Probe x3  
  127  12:44  Assimilator  
  127  12:52  Probe x3  
  130  13:05  Colossus  
  130  13:06  Carrier  
  142  13:26  Carrier  
  148  13:35  Zealot  
  118  14:28  Phoenix  
  118  14:30  Phoenix  
  99  14:53  Phoenix  
  99  14:55  Phoenix  
  103  15:16  Probe  
  103  15:18  Phoenix  
  103  15:20  Phoenix  
  108  15:28  Probe  
  109  15:40  Probe  
  110  15:43  Phoenix  
  110  15:45  Phoenix  
  20  16:07  Phoenix  
  22  16:35  Phoenix  
  24  17:04  Phoenix  
Show
View Real Time Build Order
Export as new Build Order

tigro Terran 

Build Orders:  

Get SALT Encoding   

  12  0:03  SCV  
  13  0:15  SCV  
  14  0:22  Supply Depot  
  14  0:31  SCV  
  15  0:43  Refinery  
  15  0:44  SCV  
  16  0:56  SCV  
  17  0:59  Barracks  
  17  1:08  SCV  
  18  1:15  Refinery  
  18  1:20  SCV  
  18  1:21  Supply Depot  
  19  1:32  SCV  
  20  1:44  SCV  
  21  1:49  Marine  
  22  1:59  SCV  
  23  2:06  Marine  
  24  2:10  Barracks  
  24  2:14  SCV  
  25  2:24  Marine  
  25  2:26  SCV  
  25  2:29  Engineering Bay  
  27  2:42  Marine, Orbital Command  
  28  3:00  Barracks Tech Lab, Marine  
  29  3:24  Factory  
  29  3:32  Barracks Tech Lab  
  29  3:36  Marauder  
  29  3:39  Combat Shield  
  31  3:57  Marauder  
  33  4:15  Command Center  
  33  4:16  Stimpack  
  33  4:19  Marauder  
  33  4:21  Marauder  
  37  4:40  Marauder  
  39  4:47  Factory Tech Lab  
  39  4:54  Marauder  
  39  4:58  Concussive Shells  
  41  5:02  Marauder  
  43  5:14  Armory  
  43  5:41  SCV  
  44  5:49  Refinery  
  44  5:53  SCV  
  45  6:03  Supply Depot  
  45  6:05  SCV  
  46  6:17  SCV, Refinery  
  46  6:18  Terran Infantry Weapons Level 1  
  47  6:25  Siege Tank  
  50  6:29  Supply Depot  
  50  6:30  SCV  
  51  6:52  Supply Depot  
  51  6:57  Siege Tank  
  54  7:16  Supply Depot  
  54  7:29  Siege Tank  
  57  7:40  Missile Turret  
  57  7:51  Planetary Fortress  
  57  8:04  Missile Turret  
  57  8:12  Terran Infantry Armor Level 1, Starport  
  57  8:38  SCV  
  57  8:39  Missile Turret  
  58  8:50  Starport, SCV  
  59  9:02  Medivac, SCV  
  62  9:04  Missile Turret  
  62  9:06  Marine  
  62  9:09  Marine  
  64  9:14  SCV  
  65  9:24  Marine  
  65  9:26  SCV  
  65  9:27  Marine  
  65  9:30  Missile Turret  
  68  9:32  Medivac  
  68  9:33  Fusion Core  
  70  9:42  Marine  
  70  9:44  Marine  
  57  9:52  Missile Turret  
  57  9:59  Marine  
  50  10:02  Marine  
  50  10:06  Neosteel Armor  
  48  10:14  Missile Turret  
  48  10:17  Marine  
  48  10:20  Marine  
  47  10:26  Starport Tech Lab  
  47  10:27  Starport Tech Lab  
  47  10:34  Missile Turret  
  47  10:50  Missile Turret  
  47  10:54  Marine  
  47  10:56  Marine  
  49  11:04  Thor  
  55  11:11  Marine  
  55  11:14  Marine  
  55  11:17  Missile Turret  
  57  11:22  Command Center  
  57  11:29  Marine  
  57  11:32  Marine  
  59  11:39  Missile Turret, Weapon Refit  
  59  11:46  Hi-Sec Auto Tracking  
  59  11:47  Thor, Marine  
  59  11:50  Marine  
  67  11:58  Battlecruiser  
  73  12:05  Marine, Missile Turret  
  73  12:07  Marine  
  75  12:21  Battlecruiser  
  81  12:25  Marine  
  82  12:30  Thor  
  88  12:43  Marine  
  89  13:01  Marine  
  89  13:02  Planetary Fortress  
  90  13:13  Siege Tank  
  90  13:19  Rapid Reignition System, Marine  
  94  13:21  Battlecruiser  
  94  13:25  Battlecruiser  
  106  13:45  Siege Tank  
  109  14:16  Advanced Ballistics  
  56  15:15  Refinery  
  56  15:17  Battlecruiser  
  62  15:23  Battlecruiser  
  49  16:14  Refinery  
  1  17:50  Command Center  
Tags
 
Add a new tag
Caveats
  • Supply blocks, unpowered buildings, or Contaminate may cause inaccurate times.
  • Supply counts are checked every 10 seconds.